 Dungeon Crawl Stone Soup version 0.22.1 (webtiles) character file.

25 OftForgivingMostKind the Charmwright (level 3, -6/24 HPs)
             Began as a Halfling Skald on Sept 18, 2018.
             Mangled by Sigmund
             ... wielding a +0 scythe
              (12 damage)
             ... on level 2 of the Dungeon.
             The game lasted 00:09:05 (2185 turns).

OftForgivingMostKind the Charmwright (HaSk)         Turns: 2185, Time: 00:09:05

Health: -6/24      AC:  4    Str: 12    XL:     3   Next: 20%
Magic:  1/5        EV: 15    Int: 11    God:
Gold:   112        SH:  0    Dex: 14    Spells: 4/5 levels left

rFire    . . .     SeeInvis .   a - +0 short sword
rCold    . . .     Gourm    .   (shield restricted)
rNeg     . . .     Faith    .   b - +0 leather armour
rPois    .         Spirit   .   (no helmet)
rElec    .         Reflect  .   h - +0 cloak
rCorr    .         Harm     .   (no gloves)
MR       .....                  (no boots)
Stlth    +.........             (no amulet)
HPRegen  0.08/turn              (no ring)
MPRegen  0.09/turn              (no ring)

@: infused (expiring)
A: small, mutation resistance 1
a: no special abilities


You were on level 2 of the Dungeon.
You were not hungry.

You visited 1 branch of the dungeon, and saw 2 of its levels.

You collected 112 gold pieces.

Inventory:

Hand Weapons
 a - a +0 short sword (weapon)
 l - a +0 hunting sling
Missiles
 j - 57 sling bullets
 m - 7 stones (quivered)
Armour
 b - a +0 leather armour (worn)
 c - a +2 leather armour of fire resistance
 h - a +0 cloak (worn)
Jewellery
 k - an uncursed ring of resist corrosion {unknown}
Scrolls
 e - 2 scrolls of remove curse {unknown}
 f - 2 scrolls of identify {unknown}
Potions
 g - 2 potions of curing {unknown}
 i - a potion of heal wounds {unknown}
Comestibles
 d - 3 rations


   Skills:
 - Level 2.0 Fighting
 + Level 2.8 Short Blades
 + Level 0.3 Slings
 - Level 1.1 Armour
 + Level 2.6 Dodging
 + Level 1.8 Spellcasting
 + Level 3.5 Charms


You had 4 spell levels left.
You knew the following spells:

 Your Spells              Type           Power        Failure   Level  Hunger
a - Infusion              Chrm           #...         9%          1    ##.....

Your spell library contained the following spells:

 Spells                   Type           Power        Failure   Level  Hunger
 Song of Slaying          Chrm           #.......     13%         2    ###....
 Shroud of Golubria       Chrm/Tloc      #.........   26%         2    ###....
 Regeneration             Chrm/Necr      #.........   47%         3    ####...
 Spectral Weapon          Hex/Chrm       #.......     47%         3    ####...


Dungeon Overview and Level Annotations

Branches:
Dungeon (2/15)

Altars:
Zin

Annotations:
D:2 Sigmund


Innate Abilities, Weirdness & Mutations

You are small and have problems with some larger weapons.
You are somewhat resistant to further mutation.


Message History

You hit Sigmund.
Sigmund is moderately wounded.
Sigmund hits you with a scythe.
You closely miss Sigmund.
Sigmund is moderately wounded.
Sigmund misses you.
You hit Sigmund.
Sigmund is moderately wounded.
Sigmund hits you with a scythe!
Sigmund's eyes start glowing with a red light.
Sigmund barely misses you.
Sigmund casts a spell.
Sigmund flickers and vanishes!
Deactivating autopickup; reactivate with Ctrl-A.
Your magical infusion is running out.
Something hits you.
* * * LOW HITPOINT WARNING * * *
Something hits you!
Ouch! That really hurt!
You die...

###.####.# .## .#
#...##.##...#
####.#### ###.##...#
.# #..(....#
#####.....##
#.##.......
#....###......# #.#
....##. #....#
#.####.. #.# ....#
#....###.# #######.#
....#
#........####..#....#
....#
####...........#@####
##### #.....####.##.#
#.....####....###
#...............#
#...............#
#...............#
#._.......>.....#
#...............#
######..........#


There were no monsters in sight!

Vanquished Creatures
  2 leopard geckos
  3 bats (D:1)
  2 giant cockroaches
  2 hobgoblins
  2 jackals (D:1)
  3 frilled lizards
  A goblin (D:1)
  5 kobolds
  3 rats
23 creatures vanquished.

Notes
Turn   | Place    | Note
-------+----------+-------------------------------------------
     0 | D:1      | OftForgivingMostKind the Halfling Skald began the quest for
                  | the Orb.
     0 | D:1      | Reached XP level 1. HP: 14/14 MP: 3/3
   256 | D:1      | Reached XP level 2. HP: 9/19 MP: 4/4
  1962 | D:2      | Reached XP level 3. HP: 23/24 MP: 5/5
  2097 | D:2      | Found a glowing silver altar of Zin.
  2168 | D:2      | Noticed Sigmund
  2185 | D:2      | Mangled by Sigmund

Skill      XL: |  1  2 |
---------------+-------+-----
Fighting       | 2 |  2.0
Short Blades   | |  2.8
Slings         | |  0.3
Armour         | |  1.1
Dodging        | |  2.6
Spellcasting   | |  1.8
Charms         | |  3.5

Action                   || total
-------------------------++-------
Melee: Short sword       ||   106
 Cast: Infusion          ||     1
  Eat: Chunk             ||     4
Armor: Leather armour    ||    27
Dodge: Dodged            ||    80
